 Dungeon Crawl Stone Soup version 0.26-a0-950-g52035dc9a5 (webtiles) character file.

Game seed: 6620438729150948475

2688 ANON1729 the Insei (level 9, -2/74 HPs)
             Began as a Pale Draconian Transmuter on Nov 29, 2020.
             Was an Initiate of Fedhas.
             Slain by an orc warrior
             ... wielding a +1 glaive of freezing
              (7 damage)
             ... on level 7 of the Dungeon.
             The game lasted 00:12:32 (11039 turns).

ANON1729 the Insei (Pale Draconian Transmuter)     Turns: 11039, Time: 00:12:33

Health: -2/74      AC:  2    Str: 12    XL:     9   Next: 38%
Magic:  8/16       EV: 23    Int: 16    God:    Fedhas [......]
Gold:   415        SH:  0    Dex: 18    Spells: 11/17 levels left

rFire    . . .     SeeInvis .     - Unarmed
rCold    . . .     Faith    .   (shield currently unavailable)
rNeg     . . .     Spirit   .   (armour unavailable)
rPois    .         Reflect  .   (helmet currently unavailable)
rElec    .         Harm     .   (cloak currently unavailable)
rCorr    .         Rampage  .   (gloves currently unavailable)
MR       +....                  (boots currently unavailable)
Stlth    ++........             (no amulet)
HPRegen  0.22/turn              s - ring of poison resistance
MPRegen  0.15/turn              y - ring of protection from magic

@: spider-form, very slightly contaminated
A: tiny, (breathe steam), unfitting armour, AC +7
a: End Transformation, Renounce Religion


You were on level 7 of the Dungeon.
You worshipped Fedhas.
Fedhas was noncommittal.
You were a venomous arachnid creature.
You visited 2 branches of the dungeon, and saw 8 of its levels.

You collected 415 gold pieces.

Inventory:

Missiles
 l - 4 curare-tipped darts
Armour
 p - a +2 hat (melded)
 z - a +0 pair of boots (melded)
Jewellery
 k - an uncursed ring of protection from magic
 s - a ring of poison resistance (left front leg)
 y - a ring of protection from magic (right front leg)
Wands
 n - a wand of random effects (61)
 x - a wand of polymorph (14)
Scrolls
 b - 5 scrolls of remove curse {unknown}
 g - 9 scrolls of identify {unknown}
 h - 2 scrolls of immolation {unknown}
 i - 2 scrolls of amnesia {unknown}
 m - 5 scrolls of random uselessness {unknown}
 o - a scroll of fear {unknown}
 q - 2 scrolls of teleportation {unknown}
 r - a scroll of magic mapping {unknown}
 u - 2 scrolls of noise {unknown}
 v - a scroll of torment {unknown}
 w - 3 scrolls of enchant weapon {unknown}
Potions
 a - 2 potions of heal wounds {unknown}
 c - a potion of brilliance {unknown}
 d - 2 potions of mutation {unknown}
 e - a potion of flight {unknown}
 f - 3 potions of lignification
 j - a potion of haste {unknown}
 t - a potion of berserk rage {unknown}
 A - 2 potions of degeneration {unknown}
 B - a potion of cancellation {unknown}
 C - a potion of curing


   Skills:
 + Level 5.3 Fighting
 + Level 4.7 Dodging
 * Level 7.5 Unarmed Combat
 + Level 4.8 Spellcasting
 * Level 7.1 Transmutations


You had 11 spell levels left.
You knew the following spells:

 Your Spells              Type           Power        Failure   Level
a - Beastly Appendage     Tmut           ####..       4%          1
b - Wereblood             Tmut           ####....     6%          2
c - Spider Form           Tmut/Pois      ###.......   26%         3

Your spell library contained the following spells:

 Spells                   Type           Power        Failure   Level
 Poisonous Vapours        Pois/Air       #.....       45%         2
 Blade Hands              Tmut           ####......   45%         5
 Ice Form                 Ice/Tmut       ###.....     56%         4
 Petrify                  Tmut/Erth      ###.....     56%         4
 Confusing Touch          Hex            #.......     65%         3
 Conjure Flame            Conj/Fire      #.......     65%         3
 Gell's Gravitas          Tloc           #.........   65%         3
 Mephitic Cloud           Conj/Pois/Air  #.......     65%         3
 Yara's Violent Unravell  Hex/Tmut       ###.......   86%         5
 Metabolic Englaciation   Hex/Ice        #.........   100%        5
 Freezing Cloud           Conj/Ice/Air   #.........   100%        6


Dungeon Overview and Level Annotations

Branches:
Dungeon (7/15)             Temple (1/1) D:6

Altars:
Cheibriados
Dithmenos
Fedhas
Gozag
Hepliaklqana
Makhleb
Nemelex Xobeh
Okawaru
Sif Muna
Trog
Uskayaw
Wu Jian
Xom
Lugonu

Annotations:
D:5 2 transporters, Trueduck's ghost, novice NaVM


Innate Abilities, Weirdness & Mutations

((You can breathe blasts of scalding, opaque steam.))
((Your pale cyan-grey scales are hard. (AC +7)))
You cannot fit into any form of body armour.
((You are cold-blooded and may be slowed by cold attacks.))


Message History

The orc warrior is moderately wounded.
You hit the orc warrior but do no damage.
The orc warrior looks as sick as possible!
The orc warrior is heavily wounded.
The orc warrior hits you with a +1 glaive of freezing!!
The orc warrior freezes you!
You hear a shout!
You are too injured to fight recklessly!
You are too injured to fight recklessly!
You are too injured to fight recklessly!
You are too injured to fight recklessly!
You are too injured to fight recklessly!
You are too injured to fight recklessly!
You are too injured to fight recklessly!
You hear a shout!
The orc warrior hits you with a +1 glaive of freezing!!
* * * LOW HITPOINT WARNING * * *
The orc warrior freezes you!
You die...
Fedhas appreciates your contribution to the ecosystem.

###
#.. #
#.#
#.#.#
#.os#
#####


You could see an orc warrior (extremely poisoned).

Vanquished Creatures
  Sigmund (D:2)
  2 water moccasins
  An orc warrior (D:6)
  A phantom (D:6)
  An ogre (D:5)
  2 centaurs
  A big kobold (D:7)
  3 bullfrogs
  2 gnoll sergeants (D:6)
  3 scorpions
  3 howler monkeys
  A quasit (D:6)
  5 hounds
  5 orc wizards
  6 orc priests
  2 iguanas
  A bullfrog skeleton (D:5)
  4 gnoll shamans
  5 worker ants
  A hound zombie (D:5)
  9 adders
  19 gnolls
  A howler monkey skeleton (D:6)
  2 ufetubi
  An ooze (D:2)
  2 adder skeletons
  5 worms
  A dart slug (D:3)
  5 leopard geckos
  27 orcs
  2 giant cockroaches
  5 goblins
  4 hobgoblins
  5 jackals
  11 kobolds
  3 quokkas
  2 ball pythons
  5 bats
  6 frilled lizards
  7 rats
172 creatures vanquished.

Notes
Turn   | Place    | Note
-------+----------+-------------------------------------------
     0 | D:1      | ANON1729 the Draconian Transmuter began the quest for the
                  | Orb.
     0 | D:1      | Reached XP level 1. HP: 16/16 MP: 3/3
   678 | D:1      | Reached XP level 2. HP: 23/23 MP: 5/5
  1603 | D:2      | Reached XP level 3. HP: 26/28 MP: 6/6
  1653 | D:2      | Noticed Sigmund
  1687 | D:3      | Learned a level 2 spell: Wereblood
  1691 | D:3      | Learned a level 3 spell: Spider Form
  1914 | D:2      | Killed Sigmund
  1915 | D:2      | Reached XP level 4. HP: 18/36 MP: 3/8
  1915 | D:2      | Reached XP level 5. HP: 21/41 MP: 3/9
  2355 | D:2      | Found a burning altar of Makhleb.
  3496 | D:3      | Reached XP level 6. HP: 50/50 MP: 6/10
  4836 | D:4      | Reached skill level 5 in Unarmed Combat
  4836 | D:4      | Your scales start taking on a pale cyan-grey colour.
  4836 | D:4      | Reached XP level 7. HP: 46/57 MP: 11/11
  5677 | D:4      | Reached skill level 5 in Transmutations
  5717 | D:4      | Found a snail-covered altar of Cheibriados.
  5817 | D:5      | Entered Level 5 of the Dungeon
  6336 | D:5      | Reached XP level 8. HP: 66/66 MP: 13/13
  6379 | D:5      | Noticed a +0 dagger
  6380 | D:5      | Noticed a +0 hand axe
  6381 | D:5      | Found a hide-covered altar of Uskayaw.
  6543 | D:5      | Found an opulent altar of Gozag.
  6631 | D:5      | Found a transporter.
  6631 | D:5      | Noticed Trueduck's ghost (novice NaVM)
  6646 | D:5      | Found a transporter.
  7022 | D:5      | Found a shimmering altar of Xom.
  7040 | D:5      | Found a shimmering altar of Xom.
  7041 | D:5      | Found a shimmering altar of Xom.
  7041 | D:5      | Found a shimmering altar of Xom.
  7486 | D:6      | Found a staircase to the Ecumenical Temple.
  7504 | Temple   | Entered the Ecumenical Temple
  8777 | D:6      | Reached XP level 9. HP: 65/72 MP: 10/15
  9453 | D:6      | Found an ornate altar of the Wu Jian Council.
  9557 | D:7      | HP: 3/73 [poisoned by a gnoll sergeant]
  9563 | D:7      | HP: 2/73 [poisoned by a gnoll sergeant]
  9571 | D:7      | HP: 2/73 [poisoned by a gnoll sergeant]
  9916 | D:6      | Reached skill level 5 in Fighting
 10463 | D:7      | Found a blossoming altar of Fedhas.
 10479 | D:7      | Became a worshipper of Fedhas Madash
 11039 | D:7      | Slain by an orc warrior

Illustrated notes

Levels and vault maps discovered:
D:1:      dpeg_arrival_boxes_within_box, layout_basic
D:2:      lemuel_upstairs_altar, layout_loops_ring, lightli_temple_of_fire,
          uniq_sigmund
D:3:      layout_basic
D:4:      layout_basic, cheibriados_altar_1
D:5:      layout_layer_cave, xom_redecorated, dancing_weapons_uskayaw,
          gammafunk_ghost_mausoleum, nicolae_gozag_seed_capital
D:6:      layout_cave_pools, kennysheep_mini, minmay_temple_entry_arrows,
          serial_gnoll_camp, gnoll_camp_medium_02, gnoll_camp_mini_hut,
          gnoll_camp_mini_loothouse, gnoll_camp_medium_01, gnoll_camp_mini_hut
D:7:      layout_basic, good_gods_temple_1, nicolae_ru_path_of_blood,
          fedhas_altar_3, serial_shops, shop, basic_altar, minivault_22
Temple:   corrupted_temple

Skill      XL: |  1  2  3  4  5  6  7  8  9 |
---------------+----------------------------+-----
Dodging        | 2 3 4 |  4.7
Fighting       | 2 3 4 5 |  5.3
Unarmed Combat | 4 5 7 |  7.5
Transmutations | 3 4 5 6 7 |  7.1
Spellcasting   | 3 4 |  4.8

Action                   |  1- 3 |  4- 6 |  7- 9 || total
-------------------------+-------+-------+-------++-------
Melee: Unarmed           |    78 |   191 |   414 ||   683
       Tailslap          |     5 |    20 |    35 ||    60
       Headbutt          |     3 |     8 |       ||    11
       Kick              |     6 |     9 |     1 ||    16
       Punch             |       |     1 |    13 ||    14
 Cast: Beastly Appendage |     5 |     4 |     1 ||    10
       Spider Form       |     1 |     2 |    16 ||    19
       Wereblood         |       |       |     1 ||     1
 Abil: Breathe Steam     |       |       |    16 ||    16
       End Transformatio |       |       |     2 ||     2
  Use: Potion            |       |     2 |     1 ||     3
 Stab: Sleeping          |       |     1 |     1 ||     2
Armor: Skin              |    15 |    48 |   119 ||   182
Dodge: Dodged            |    38 |   113 |   444 ||   595

Table legend: (Time is in decaauts)
 A = Elapsed time spent in this place.
 B = Non-inter-level travel time spent in this place.
 C = Inter-level travel time spent in this place.
 D = Time resting spent in this place.
 E = Time spent auto-exploring this place.
 F = Levels seen in this place.
 G = Mean time per level.
                   A        B        C        D        E       F      G
               +--------+--------+--------+--------+--------+-----+--------+
         Total |  10997 |  10729 |    268 |   3622 |   5612 |   8 | 1374.6 |
       Dungeon |  10117 |   9863 |    254 |   2851 |   5612 |   7 | 1445.3 |
        Temple |    879 |    865 |     14 |    771 |      0 |   1 |  879.0 |
               +--------+--------+--------+--------+--------+-----+--------+

Top non-repeatable levels by time:
     D:2: 1975 daAuts
     D:4: 1863 daAuts
     D:6: 1775 daAuts
     D:3: 1338 daAuts
     D:5: 1193 daAuts
     D:1: 1093 daAuts
  Temple: 879 daAuts
     D:7: 878 daAuts
